 Dungeon Crawl Stone Soup version 0.24.0-2-g5b39cebb1c (webtiles) character file.

Game seed: 17739389211499180057, levelgen mode: deterministic

781 Lanoc the Poker (level 7, 0/49 HPs)
             Began as an Octopode Abyssal Knight on Oct 30, 2019.
             Was a Believer of Lugonu.
             Slain by an ice beast (8 damage)
             ... on level 4 of the Dungeon.
             The game lasted 00:10:18 (3976 turns).

Lanoc the Poker (Octopode Abyssal Knight)           Turns: 3976, Time: 00:10:18

Health: 0/49       AC:  4    Str: 11    XL:     7   Next: 85%
Magic:  10/10      EV: 14    Int: 14    God:    Lugonu [**....]
Gold:   90         SH:  0    Dex: 14    Spells: 6/6 levels left

rFire    . . .     SeeInvis .   a - +1 spear
rCold    . . .     Gourm    .   (no shield)
rNeg     . . .     Faith    .   (helmet restricted)
rPois    .         Spirit   .   (no amulet)
rElec    .         Reflect  .   j - +3 ring of protection
rCorr    .         Harm     .   (no ring)
MR       .....                  (no ring)
Stlth    ++........             (no ring)
HPRegen  0.16/turn              (no ring)
MPRegen  0.12/turn              (no ring)
                                (no ring)
                                (no ring)

@: drained
A: almost no armour, stealthy swim, amphibious, 8 rings, constrict 8, camouflage
1, gelatinous body 1
a: Depart the Abyss, Bend Space, Renounce Religion


You were on level 4 of the Dungeon.
You worshipped Lugonu.
Lugonu was pleased with you.
You were hungry.

You visited 1 branch of the dungeon, and saw 5 of its levels.
You visited the Abyss 1 time.

You collected 90 gold pieces.

Inventory:

Hand Weapons
 a - a +1 spear (weapon)
 r - a +0 trident
Missiles
 i - 5 atropa-tipped darts (quivered)
Jewellery
 j - a +3 ring of protection (left tentacle)
Wands
 w - a wand of random effects (14)
Scrolls
 c - 8 scrolls of identify
 d - a scroll of enchant armour
 e - a scroll of blinking
 g - 8 scrolls of teleportation
 l - a scroll of immolation {unknown}
 p - a scroll of magic mapping
Potions
 k - a potion of brilliance {unknown}
 m - a potion of mutation {unknown}
 o - a potion of flight {unknown}
 q - a potion of lignification {unknown}
 s - a potion of haste
 u - a potion of resistance {unknown}
Comestibles
 b - 7 rations


   Skills:
 + Level 4.7(3.8) Fighting
 * Level 5.7(4.7) Polearms
 + Level 4.4(3.4) Dodging
 + Level 4.4(3.4) Invocations


You had 6 spell levels left.
You didn't know any spells.
Your spell library contained the following spells:

 Spells                   Type           Power        Failure   Level  Hunger
 Sandblast                Erth           #.....       28%         1    ##.....
 Passwall                 Tmut/Erth      #.......     41%         2    ###....
 Stone Arrow              Conj/Erth      #.....       65%         3    ####...
 Petrify                  Tmut/Erth      #.......     96%         4    #####..
 Lee's Rapid Deconstruct  Erth           #.........   100%        5    ######.


Dungeon Overview and Level Annotations

Branches:
Dungeon (5/15)
 Temple: D:4-7

Altars:
Fedhas
Makhleb
Okawaru
Ru
Sif Muna
Vehumet
Xom
Yredelemnul
Zin

Shops:
D:4 :

Annotations:
D:5 3 runed translucent doors, Dowan; Duvessa; Erac's ghost, amateur MfTm


Innate Abilities, Weirdness & Mutations

You cannot wear most types of armour.
You are very stealthy in the water. (Stealth+)
You are amphibious.
You can wear up to eight rings at the same time.
You can use your tentacles to constrict eight enemies at once.
Your skin changes colour to match your surroundings (Stealth+).
Your rubbery body absorbs attacks. (AC +1, EV +1)


Message History

The ice beast barely misses you.
You hit the ice beast. Your squeeze misses the ice beast.
The ice beast is severely wounded.
The ice beast barely misses you.
You barely miss the ice beast.
The ice beast is severely wounded.
The ice beast barely misses you.
You hit the ice beast.
The ice beast is severely wounded.
The ice beast hits you. The ice beast freezes you!
* * * LOW HITPOINT WARNING * * *
You closely miss the ice beast.
The ice beast is severely wounded.
The ice beast barely misses you.
You closely miss the ice beast.
The ice beast is severely wounded.
The ice beast hits you.
* * * LOW HITPOINT WARNING * * *
The ice beast freezes you!
You die...

....## #.# #.# #.# #.
.#.#.###.# #.# ##.##
#. .........# #.#
##...## #. .#.....###
#.#####..#..#########.
#......#
#.......###...........
.......#
#.....#..#..##########
.......# #.###.##...##
#...)..# #.# #.######
#..#.### #.# #@#
#..#.### #.###Y#
#..#...#######P#.#
#.........##P.##.#
(..###.##§#..._#.####
####
#.##§#§PP.#....######
#.##§§§⌠._#>........#
##.####§..(#.#.......#
#..#
#..._P.#...<...###


You could see an ice beast.

Vanquished Creatures
  Grinder (D:3)
  A phantom (D:4)
  Blork the orc (D:4)
  A howler monkey (D:4)
  A gnoll shaman (D:5)
  An orc priest (D:5)
  A bullfrog skeleton (D:5)
  A hound (D:4)
  Ijyb (D:4)
  A worker ant (D:5)
  8 gnolls
  8 adders
  A shadow imp (D:5)
  An adder skeleton (D:4)
  4 worms
  A dart slug (D:2)
  A leopard gecko (D:5)
  13 orcs
  6 giant cockroaches
  4 hobgoblins
  3 jackals (D:5)
  5 kobolds
  A quokka (D:2)
  A ball python (D:2)
  5 bats
  3 frilled lizards
  5 goblins
  A leopard gecko skeleton (D:4)
  7 rats
88 creatures vanquished.

Notes
Turn   | Place    | Note
-------+----------+-------------------------------------------
     0 | Abyss:1  | Lanoc the Octopode Abyssal Knight began the quest for the
                  | Orb.
     0 | Abyss:1  | Reached XP level 1. HP: 16/16 MP: 2/2
    78 | Abyss:1  | Noticed a phantasmal warrior
    80 | Abyss:1  | Noticed an eye of draining
    82 | Abyss:1  | Noticed a golden dragon skeleton
    95 | D:1      | Escaped the Abyss
   136 | D:1      | Reached * piety under Lugonu
   353 | D:1      | Reached XP level 2. HP: 21/21 MP: 3/3
   622 | D:2      | Found a shimmering blue altar of Sif Muna.
   696 | D:2      | Reached XP level 3. HP: 26/26 MP: 4/4
   880 | D:2      | Reached skill level 3 in Polearms
   991 | D:2      | Reached XP level 4. HP: 31/31 MP: 5/5
  1101 | D:3      | Noticed Grinder
  1116 | D:3      | Paralysed by Grinder for 2 turns
  1122 | D:3      | Killed Grinder
  1122 | D:3      | Reached skill level 4 in Polearms
  1122 | D:3      | Reached XP level 5. HP: 18/37 MP: 5/7
  1122 | D:3      | Reached XP level 6. HP: 21/43 MP: 5/8
  1341 | D:3      | Reached ** piety under Lugonu
  1576 | D:3      | Found a sacrificial altar of Ru.
  1808 | D:3      | Found a sacrificial altar of Ru.
  1876 | D:4      | Found a burning altar of Makhleb.
  1916 | D:4      | Found a blossoming altar of Fedhas.
  1928 | D:4      | Found an iron altar of Okawaru.
  1964 | D:4      | Noticed an angel
  1966 | D:4      | Found a shimmering altar of Xom.
  1967 | D:4      | Found a glowing silver altar of Zin.
  1971 | D:4      | Noticed Blork the orc
  1989 | D:4      | Killed Blork the orc
  2208 | D:4      | Noticed a phantom
  2238 | D:4      | Killed a phantom
  2238 | D:4      | Reached skill level 5 in Polearms
  2238 | D:4      | Reached XP level 7. HP: 17/49 MP: 8/10
  2582 | D:4      | Found Enegan's Book Emporium.
  2601 | D:4      | Noticed Ijyb
  2611 | D:4      | Killed Ijyb
  2786 | D:4      | Found a basalt altar of Yredelemnul.
  2827 | D:5      | Entered Level 5 of the Dungeon
  2843 | D:5      | Noticed Dowan
  2844 | D:5      | Noticed Duvessa
  3061 | D:5      | Found a radiant altar of Vehumet.
  3771 | D:5      | Found a runed translucent gate.
  3772 | D:5      | Found a runed translucent gate.
  3772 | D:5      | Found a runed translucent gate.
  3775 | D:5      | Noticed Erac's ghost (amateur MfTm)
  3976 | D:4      | Slain by an ice beast

Levels and vault maps discovered:
D:1:      scummos_arrival_gate, layout_basic, minmay_liquid_box,
          interstate_on_off, moated_statue
D:2:      layout_basic, lemuel_round_altar, corexii_leaking_fountain
D:3:      layout_basic, marbit_many_paths, first_ration,
          nicolae_ru_path_of_blood, uniq_grinder
D:4:      layout_loops_ring, grunt_temple_overflow_order_and_chaos_1,
          gammafunk_temple_overflow_forgotten, serial_shops,
          nicolae_shop_waterfront, makhleb_heckhound_becter, uniq_ijyb,
          uniq_blork_the_orc
D:5:      layout_basic, fiery_altar_vehumet, gammafunk_ghost_necromancy,
          minmay_checkerbox, uniq_duvessa

Skill      XL: |  1  2  3  4  5  6 |
---------------+-------------------+-----
Polearms       | 3 4 5 |  5.7
Fighting       | 4 |  4.7
Dodging        | 3 4 |  4.4
Invocations    | 3 4 |  4.4

Action                   |  1- 3 |  4- 6 |  7- 9 || total
-------------------------+-------+-------+-------++-------
Melee: Spear             |    76 |   112 |   134 ||   322
       Constrict         |    12 |    12 |    24 ||    48
       Tentacles         |     8 |    15 |    22 ||    45
Invok: Depart the Abyss  |     1 |       |       ||     1
       Bend Space        |       |       |     2 ||     2
  Use: Potion            |       |     3 |     3 ||     6
       Scroll            |       |       |     9 ||     9
 Stab: Sleeping          |     7 |     1 |     3 ||    11
  Eat: Chunk             |       |     4 |     5 ||     9
Armor: Skin              |    10 |    11 |    14 ||    35
Dodge: Dodged            |    28 |    40 |    68 ||   136
